Connexion

Comets vs Heat

Created - 24 décembre 2023 at 08:42

Goals
1 2 3 T
Comets 1 2 0 3
Heat 1 3 5 9
Shots
1 2 3 T
Comets 10 8 10 28
Heat 7 16 18 41

GoalsPenalties
1st period
1. Heat , Mathieu Joseph 24 (Jan Jenik 17, Brinson Pasichnuk 27) at 8:22
2. Comets , Chris Terry 16 (Brendan Smith 18) at 16:43
Oskar Lindblom (UTI) for High sticking (Minor) at 4:56
Jordan Subban (STO) for Tripping (Minor) at 11:58
2nd period
3. Heat , Nathan Smith 24 (Tarmo Reunanen 36, Brett Leason 13) at 4:42 (PP)
4. Comets , Michael Joly 6 (Brandon Davidson 20, Kevin Czucman 17) at 11:23
5. Heat , Greg McKegg 18 (Aidan McDonough 25, Tarmo Reunanen 37) at 12:01
6. Comets , Kevin Czucman 4 (Frederik Gauthier 13, Dennis Yan 9) at 16:16
7. Heat , Greg McKegg 19 (Aidan McDonough 26, Jesper Lindgren 18) at 16:47 (PP)
Frederik Gauthier (UTI) for Holding (Minor) at 3:51
Chris Terry (UTI) for High sticking (Minor) at 8:10
Brandon Davidson (UTI) for Hooking (Minor) at 16:19
3rd period
8. Heat , Tyce Thompson 16 (Artur Kayumov 8, Kyle Criscuolo 32) at 3:10
9. Heat , Brett Leason 13 (Mathieu Joseph 42, Nathan Smith 43) at 3:45
10. Heat , Cole Schneider 5 (Greg McKegg 12, Aidan McDonough 27) at 8:33
11. Heat , Aidan McDonough 15 (Jordan Subban 3, Cole Schneider 10) at 8:45
12. Heat , Mathieu Joseph 25 (Steven Oleksy 23, Brinson Pasichnuk 28) at 19:41
Steven Oleksy (STO) for Tripping (Minor) at 13:32
Goalie Stats
David Rittich (UTI), 6 saves from 8 shots - (0,750), 11:27 minutes
Connor Ingram (UTI), 26 saves from 33 shots - (0,788), L, 10-6-3, 48:33 minutes
Matthew Galajda (STO), 25 saves from 28 shots - (0,893), W, 19-13-4, 60:00 minutes
3 StarsOfficial
1 - Greg McKegg (STO)
2 - Aidan McDonough (STO)
3 - Mathieu Joseph (STO)
Referees : Mike Leggo and Francois StLaurent
Linesman : Brian Murphy and Mark Shewchyk
Game Note
Jacob Bryson is injured at 8:07 of 2nd period (Broken Right Index Finger)
David Rittich enters game at 8:33 of 3rd period
Finance
Level 1 -- Attendance: 2000 (100,00%) -- Ticket Income $70,000
Level 2 -- Attendance: 1000 (100,00%) -- Ticket Income $15,000
Total Attendance: 3000 (100,00%)
Total Ticket Income: $85,000
Other Income: $17,000
Total Income: $102,000



Team Name Goals Shots Shots Attemp Shots Blocked PIM HIT PP PK FO%
Comets 32860178130 / 2 (0%)252%
Heat 9418494232 / 4 (50%)048%

Comets
Player Name POS G A P +/- PIM HIT SHT SB MP PP MP PP SHT PK MP PK SHT FO% FOT
Brandon DavidsonD0110211419:432:0502:1100% 0
Brendan SmithD0110011324:201:2502:3800% 0
Chase De LeoC/LW000001205:501:3611:48057% 7
Chris TerryLW/RW101-2222021:591:0801:580100% 1
Cliff PuRW000001002:260:0000:0000% 0
Dennis YanLW011-1020115:350:0002:51033% 6
Derek RyanC000-2013020:090:2600:49062% 29
Frederik GauthierC011-1201013:190:3600:00041% 17
Jordan SchmaltzD000-4010215:500:2800:2200% 0
Josh ArchibaldRW000-1003019:412:1400:4600% 0
Kevin CzucmanD1120002220:122:0502:3900% 0
Logan NelsonC000000000:000:0000:0000% 0
Markus NiemelainenD000-4010215:280:2800:0000% 0
Matt BartkowskiD0000001324:261:2512:4400% 0
Michael JolyRW101-1004013:200:3600:000100% 1
Michael RafflLW/RW000-1014019:032:2210:0000% 0
Oskar LindblomLW/RW000-2213024:230:4202:22050% 6
Trevor LewisC/RW000-1001018:552:1400:00048% 25
Heat
Player Name POS G A P +/- PIM HIT SHT SB MP PP MP PP SHT PK MP PK SHT FO% FOT
Aidan McDonoughLW1343016019:521:5201:34050% 2
Artur KayumovLW/RW011200106:170:4200:4000% 0
Brett LeasonRW112-2013020:292:4300:5500% 2
Brinson PasichnukD0220000125:373:0202:1300% 0
Cole SchneiderLW/RW1123024018:181:5220:0000% 1
Egor SokolovLW/RW0001043014:240:0000:000100% 1
Greg McKeggC/LW/RW2133037018:251:5220:07052% 27
Jacob BrysonD000000019:090:1600:4700% 0
Jan JenikC/RW011200003:040:0000:00050% 4
Jesper LindgrenD0111020419:461:5900:5200% 0
John Albert C000000000:420:4200:0000% 0
Jordan SubbanD0113212017:240:4210:4500% 0
Kyle CriscuoloC/RW0111002015:060:4200:00035% 17
Mathieu JosephLW/RW2130016025:032:4322:25025% 4
Nathan SmithC112-2043020:292:4310:55059% 32
Steven OleksyD0112211225:163:0201:1200% 0
Tarmo ReunanenD0222031120:461:3301:5800% 0
Tyce ThompsonRW1011002015:530:0001:2900% 2



Play-by-Play

1st period


0:01 of 1st period - Nathan Smith wins face-off versus Derek Ryan in neutral zone.
0:05 of 1st period - Icing by Oskar Lindblom.
0:06 of 1st period - Derek Ryan wins face-off versus Greg McKegg in Comets zone.
0:06 of 1st period - Derek Ryan is hit by Greg McKegg.
0:27 of 1st period - Off-side.
0:28 of 1st period - Kyle Criscuolo wins face-off versus Trevor Lewis in neutral zone.
0:36 of 1st period - Shot by Josh Archibald.
0:36 of 1st period - Shot Blocked by Jesper Lindgren.
1:26 of 1st period - Markus Niemelainen is hit by Egor Sokolov and loses puck.
1:43 of 1st period - Shot by Mathieu Joseph.
1:43 of 1st period - Deflect By Nathan Smith.
1:43 of 1st period - Shot Blocked by Jordan Schmaltz.
1:45 of 1st period - Shot by Steven Oleksy.
1:45 of 1st period - Stopped by Connor Ingram without a rebound.
1:46 of 1st period - Derek Ryan wins face-off versus Greg McKegg in Comets zone.
2:21 of 1st period - Shot by Oskar Lindblom.
2:21 of 1st period - Stopped by Matthew Galajda without a rebound.
2:22 of 1st period - Nathan Smith wins face-off versus Frederik Gauthier in Heat zone.
4:48 of 1st period - Oskar Lindblom is hit by Aidan McDonough and loses puck.
4:56 of 1st period - Minor Penalty to Oskar Lindblom for High sticking.
4:57 of 1st period - Nathan Smith wins face-off versus Dennis Yan in Comets zone.
5:00 of 1st period - Shot by Nathan Smith.
5:00 of 1st period - Shot Misses the Net.
5:02 of 1st period - Shot by Nathan Smith.
5:02 of 1st period - Shot Misses the Net.
5:04 of 1st period - Shot by Brinson Pasichnuk.
5:04 of 1st period - Shot Misses the Net.
5:06 of 1st period - Shot by Mathieu Joseph.
5:06 of 1st period - Stopped by Connor Ingram without a rebound.
5:07 of 1st period - Nathan Smith wins face-off versus Dennis Yan in Comets zone.
5:32 of 1st period - Shot by Brinson Pasichnuk.
5:32 of 1st period - Shot Misses the Net.
5:34 of 1st period - Shot by Brett Leason.
5:34 of 1st period - Shot Blocked by Brandon Davidson.
5:36 of 1st period - Shot by Mathieu Joseph.
5:36 of 1st period - Shot Blocked by Brandon Davidson.
5:56 of 1st period - Shot by Jordan Subban.
5:56 of 1st period - Stopped by Connor Ingram with a rebound.
6:34 of 1st period - Kevin Czucman is hit by Brett Leason and loses puck.
6:41 of 1st period - Shot by Nathan Smith.
6:41 of 1st period - Shot Blocked by Kevin Czucman.
7:19 of 1st period - Icing by Tarmo Reunanen.
7:20 of 1st period - Frederik Gauthier wins face-off versus Kyle Criscuolo in Heat zone.
7:44 of 1st period - Aidan McDonough is hit by Brendan Smith and loses puck.
7:52 of 1st period - Icing by Michael Joly.
7:53 of 1st period - Jan Jenik wins face-off versus Frederik Gauthier in Comets zone.
7:54 of 1st period - Shot by Mathieu Joseph.
7:54 of 1st period - Shot Blocked by Dennis Yan.
8:20 of 1st period - Shot by Jan Jenik.
8:20 of 1st period - Shot Blocked by Jordan Schmaltz.
8:22 of 1st period - Shot by Mathieu Joseph.
8:22 of 1st period - Goal by Mathieu Joseph - Comets : 0 - Heat : 1.
8:23 of 1st period - Trevor Lewis wins face-off versus Greg McKegg in neutral zone.
8:49 of 1st period - Shot by Aidan McDonough.
8:49 of 1st period - Stopped by Connor Ingram without a rebound.
8:50 of 1st period - Derek Ryan wins face-off versus Tyce Thompson in Comets zone.
9:03 of 1st period - Shot by Derek Ryan.
9:03 of 1st period - Shot Misses the Net.
9:13 of 1st period - Chris Terry is hit by Egor Sokolov.
11:05 of 1st period - Shot by Josh Archibald.
11:05 of 1st period - Shot Misses the Net.
11:07 of 1st period - Shot by Brendan Smith.
11:07 of 1st period - Shot Blocked by Jesper Lindgren.
11:12 of 1st period - Michael Raffl is hit by Jordan Subban and loses puck.
11:19 of 1st period - Shot by Michael Raffl.
11:19 of 1st period - Stopped by Matthew Galajda with a rebound.
11:44 of 1st period - Kevin Czucman is hit by Jesper Lindgren and loses puck.
11:58 of 1st period - Minor Penalty to Jordan Subban for Tripping.
11:59 of 1st period - Mathieu Joseph wins face-off versus Trevor Lewis in Heat zone.
12:07 of 1st period - Matt Bartkowski is hit by Mathieu Joseph and loses puck.
12:11 of 1st period - Off-side.
12:12 of 1st period - Trevor Lewis wins face-off versus Mathieu Joseph in neutral zone.
12:25 of 1st period - Shot by Brandon Davidson.
12:25 of 1st period - Shot Misses the Net.
12:29 of 1st period - Shot by Michael Raffl.
12:29 of 1st period - Shot Misses the Net.
12:31 of 1st period - Shot by Kevin Czucman.
12:31 of 1st period - Shot Misses the Net.
12:57 of 1st period - Tarmo Reunanen is hit by Chris Terry and loses puck.
13:14 of 1st period - Aidan McDonough is hit by Oskar Lindblom and loses puck.
13:25 of 1st period - Shot by Kevin Czucman.
13:25 of 1st period - Shot Misses the Net.
13:27 of 1st period - Shot by Michael Joly.
13:27 of 1st period - Deflect By Michael Raffl.
13:27 of 1st period - Stopped by Matthew Galajda without a rebound.
13:28 of 1st period - Trevor Lewis wins face-off versus Nathan Smith in Heat zone.
13:31 of 1st period - Shot by Matt Bartkowski.
13:31 of 1st period - Stopped by Matthew Galajda without a rebound.
13:32 of 1st period - Chase De Leo wins face-off versus Nathan Smith in Heat zone.
13:55 of 1st period - Shot by Derek Ryan.
13:55 of 1st period - Shot Blocked by Steven Oleksy.
14:15 of 1st period - Shot by Egor Sokolov.
14:15 of 1st period - Stopped by Connor Ingram without a rebound.
14:16 of 1st period - Trevor Lewis wins face-off versus Brett Leason in Comets zone.
15:34 of 1st period - Steven Oleksy is hit by Cliff Pu and loses puck.
16:13 of 1st period - Shot by Greg McKegg.
16:13 of 1st period - Stopped by Connor Ingram without a rebound.
16:14 of 1st period - Nathan Smith wins face-off versus Derek Ryan in Comets zone.
16:43 of 1st period - Shot by Chris Terry.
16:43 of 1st period - Goal by Chris Terry - Comets : 1 - Heat : 1.
16:44 of 1st period - Greg McKegg wins face-off versus Trevor Lewis in neutral zone.
16:53 of 1st period - Shot by Josh Archibald.
16:53 of 1st period - Stopped by Matthew Galajda with a rebound.
17:23 of 1st period - Shot by Josh Archibald.
17:23 of 1st period - Stopped by Matthew Galajda without a rebound.
17:24 of 1st period - Kyle Criscuolo wins face-off versus Frederik Gauthier in Heat zone.
17:24 of 1st period - Kyle Criscuolo is hit by Dennis Yan.
17:34 of 1st period - Frederik Gauthier is hit by Egor Sokolov and loses puck.
17:47 of 1st period - Shot by Egor Sokolov.
17:47 of 1st period - Shot Blocked by Markus Niemelainen.
18:24 of 1st period - Icing by Brett Leason.
18:25 of 1st period - Derek Ryan wins face-off versus Nathan Smith in Heat zone.
18:32 of 1st period - Shot by Oskar Lindblom.
18:32 of 1st period - Stopped by Matthew Galajda without a rebound.
18:33 of 1st period - Derek Ryan wins face-off versus Greg McKegg in Heat zone.
19:39 of 1st period - Kevin Czucman is hit by Steven Oleksy and loses puck.
19:44 of 1st period - Shot by Trevor Lewis.
19:44 of 1st period - Stopped by Matthew Galajda with a rebound.
19:58 of 1st period - Shot by Michael Raffl.
19:58 of 1st period - Stopped by Matthew Galajda without a rebound.
19:59 of 1st period - Egor Sokolov wins face-off versus Frederik Gauthier in Heat zone.
19:59 of 1st period - Egor Sokolov is hit by Dennis Yan.
Goals for this period are 1 for Comets vs 1 for Heat .
Shots for this period are 10 for Comets vs 7 for Heat .

2nd period


0:01 of 2nd period - Derek Ryan wins face-off versus Brett Leason in neutral zone.
0:01 of 2nd period - Derek Ryan is hit by Nathan Smith.
0:11 of 2nd period - Shot by Chris Terry.
0:11 of 2nd period - Shot Blocked by Steven Oleksy.
0:42 of 2nd period - Shot by Derek Ryan.
0:42 of 2nd period - Stopped by Matthew Galajda without a rebound.
0:43 of 2nd period - Greg McKegg wins face-off versus Trevor Lewis in Heat zone.
0:54 of 2nd period - Shot by Greg McKegg.
0:54 of 2nd period - Shot Misses the Net.
0:56 of 2nd period - Shot by Cole Schneider.
0:56 of 2nd period - Stopped by Connor Ingram with a rebound.
0:58 of 2nd period - Shot by Greg McKegg.
0:58 of 2nd period - Stopped by Connor Ingram without a rebound.
0:59 of 2nd period - Dennis Yan wins face-off versus Kyle Criscuolo in Comets zone.
0:59 of 2nd period - Frederik Gauthier is hit by Egor Sokolov.
1:04 of 2nd period - Off-side.
1:05 of 2nd period - Trevor Lewis wins face-off versus Greg McKegg in neutral zone.
1:16 of 2nd period - Shot by Jacob Bryson.
1:16 of 2nd period - Shot Misses the Net.
1:18 of 2nd period - Shot by Tarmo Reunanen.
1:18 of 2nd period - Shot Misses the Net.
1:20 of 2nd period - Shot by Cole Schneider.
1:20 of 2nd period - Deflect By Aidan McDonough.
1:20 of 2nd period - Stopped by Connor Ingram without a rebound.
1:21 of 2nd period - Derek Ryan wins face-off versus Nathan Smith in Comets zone.
1:37 of 2nd period - Icing by Matt Bartkowski.
1:38 of 2nd period - Greg McKegg wins face-off versus Derek Ryan in Comets zone.
1:49 of 2nd period - Shot by Tarmo Reunanen.
1:49 of 2nd period - Stopped by Connor Ingram with a rebound.
1:54 of 2nd period - Off-side.
1:55 of 2nd period - Nathan Smith wins face-off versus Trevor Lewis in neutral zone.
2:14 of 2nd period - Trevor Lewis is hit by Nathan Smith and loses puck.
2:31 of 2nd period - Shot by Michael Raffl.
2:31 of 2nd period - Shot Misses the Net.
2:33 of 2nd period - Shot by Kevin Czucman.
2:33 of 2nd period - Shot Misses the Net.
3:04 of 2nd period - Shot by Tyce Thompson.
3:04 of 2nd period - Deflect By Egor Sokolov.
3:04 of 2nd period - Shot Misses the Net.
3:06 of 2nd period - Shot by Kyle Criscuolo.
3:06 of 2nd period - Shot Misses the Net.
3:51 of 2nd period - Minor Penalty to Frederik Gauthier for Holding.
3:52 of 2nd period - Chris Terry wins face-off versus Aidan McDonough in Comets zone.
4:13 of 2nd period - Icing by Steven Oleksy.
4:14 of 2nd period - Greg McKegg wins face-off versus Oskar Lindblom in Heat zone.
4:26 of 2nd period - Shot by Cole Schneider.
4:26 of 2nd period - Stopped by Connor Ingram without a rebound.
4:27 of 2nd period - Chase De Leo wins face-off versus Nathan Smith in Comets zone.
4:40 of 2nd period - Shot by Tarmo Reunanen.
4:40 of 2nd period - Shot Blocked by Brendan Smith.
4:42 of 2nd period - Shot by Nathan Smith.
4:42 of 2nd period - Goal by Nathan Smith - Comets : 1 - Heat : 2.
4:43 of 2nd period - Kyle Criscuolo wins face-off versus Trevor Lewis in neutral zone.
4:43 of 2nd period - Egor Sokolov is hit by Michael Raffl.
4:45 of 2nd period - Shot by Jordan Subban.
4:45 of 2nd period - Shot Misses the Net.
4:47 of 2nd period - Shot by Jordan Subban.
4:47 of 2nd period - Stopped by Connor Ingram without a rebound.
4:48 of 2nd period - Trevor Lewis wins face-off versus Nathan Smith in Comets zone.
5:14 of 2nd period - Shot by Mathieu Joseph.
5:14 of 2nd period - Stopped by Connor Ingram without a rebound.
5:15 of 2nd period - Greg McKegg wins face-off versus Derek Ryan in Comets zone.
5:22 of 2nd period - Shot by Cole Schneider.
5:22 of 2nd period - Shot Misses the Net.
5:32 of 2nd period - Shot by Greg McKegg.
5:32 of 2nd period - Shot Misses the Net.
5:34 of 2nd period - Shot by Greg McKegg.
5:34 of 2nd period - Shot Misses the Net.
5:36 of 2nd period - Shot by Aidan McDonough.
5:36 of 2nd period - Shot Blocked by Matt Bartkowski.
5:38 of 2nd period - Shot by Steven Oleksy.
5:38 of 2nd period - Shot Blocked by Matt Bartkowski.
5:46 of 2nd period - Shot by Aidan McDonough.
5:46 of 2nd period - Stopped by Connor Ingram with a rebound.
5:48 of 2nd period - Shot by Greg McKegg.
5:48 of 2nd period - Shot Misses the Net.
6:15 of 2nd period - Off-side.
6:16 of 2nd period - Kyle Criscuolo wins face-off versus Trevor Lewis in neutral zone.
7:12 of 2nd period - Icing by Jordan Subban.
7:13 of 2nd period - Frederik Gauthier wins face-off versus Kyle Criscuolo in Heat zone.
7:38 of 2nd period - Shot by Michael Joly.
7:38 of 2nd period - Stopped by Matthew Galajda without a rebound.
7:39 of 2nd period - Nathan Smith wins face-off versus Derek Ryan in Heat zone.
7:58 of 2nd period - Shot by Nathan Smith.
7:58 of 2nd period - Stopped by Connor Ingram without a rebound.
7:59 of 2nd period - Frederik Gauthier wins face-off versus Greg McKegg in Comets zone.
7:59 of 2nd period - Frederik Gauthier is hit by Greg McKegg.
8:07 of 2nd period - Shot by Jordan Schmaltz.
8:07 of 2nd period - Shot Blocked by Jacob Bryson.
8:07 of 2nd period - Jacob Bryson from Heat is injured at 8:07 of 2nd period (Broken Right Index Finger).
8:08 of 2nd period - Nathan Smith wins face-off versus Derek Ryan in Heat zone.
8:10 of 2nd period - Minor Penalty to Chris Terry for High sticking.
8:11 of 2nd period - Nathan Smith wins face-off versus Dennis Yan in Comets zone.
8:16 of 2nd period - Shot by Mathieu Joseph.
8:16 of 2nd period - Stopped by Connor Ingram without a rebound.
8:17 of 2nd period - Nathan Smith wins face-off versus Oskar Lindblom in Comets zone.
8:43 of 2nd period - Icing by Brinson Pasichnuk.
8:44 of 2nd period - Oskar Lindblom wins face-off versus Nathan Smith in Heat zone.
8:58 of 2nd period - Icing by Steven Oleksy.
8:59 of 2nd period - Oskar Lindblom wins face-off versus Nathan Smith in Heat zone.
9:26 of 2nd period - Shot by Tarmo Reunanen.
9:26 of 2nd period - Deflect By Cole Schneider.
9:26 of 2nd period - Stopped by Connor Ingram without a rebound.
9:27 of 2nd period - Greg McKegg wins face-off versus Chase De Leo in Comets zone.
9:35 of 2nd period - Icing by Cole Schneider.
9:36 of 2nd period - Greg McKegg wins face-off versus Oskar Lindblom in Heat zone.
9:56 of 2nd period - Icing by Greg McKegg.
9:57 of 2nd period - Greg McKegg wins face-off versus Chase De Leo in Heat zone.
10:16 of 2nd period - Off-side.
10:17 of 2nd period - Nathan Smith wins face-off versus Trevor Lewis in neutral zone.
11:23 of 2nd period - Shot by Michael Joly.
11:23 of 2nd period - Goal by Michael Joly - Comets : 2 - Heat : 2.
11:24 of 2nd period - Derek Ryan wins face-off versus Greg McKegg in neutral zone.
11:31 of 2nd period - Shot by Oskar Lindblom.
11:31 of 2nd period - Deflect By Chris Terry.
11:31 of 2nd period - Shot Misses the Net.
12:01 of 2nd period - Shot by Greg McKegg.
12:01 of 2nd period - Goal by Greg McKegg - Comets : 2 - Heat : 3.
12:02 of 2nd period - Michael Joly wins face-off versus Kyle Criscuolo in neutral zone.
13:41 of 2nd period - Shot by Derek Ryan.
13:41 of 2nd period - Stopped by Matthew Galajda without a rebound.
13:42 of 2nd period - Aidan McDonough wins face-off versus Chase De Leo in Heat zone.
13:42 of 2nd period - Aidan McDonough is hit by Chase De Leo.
15:30 of 2nd period - Shot by Mathieu Joseph.
15:30 of 2nd period - Shot Misses the Net.
16:16 of 2nd period - Shot by Kevin Czucman.
16:16 of 2nd period - Goal by Kevin Czucman - Comets : 3 - Heat : 3.
16:17 of 2nd period - Greg McKegg wins face-off versus Frederik Gauthier in neutral zone.
16:19 of 2nd period - Minor Penalty to Brandon Davidson for Hooking.
16:20 of 2nd period - Dennis Yan wins face-off versus Greg McKegg in Comets zone.
16:27 of 2nd period - Shot by Greg McKegg.
16:27 of 2nd period - Stopped by Connor Ingram without a rebound.
16:28 of 2nd period - Greg McKegg wins face-off versus Dennis Yan in Comets zone.
16:33 of 2nd period - Shot by Tarmo Reunanen.
16:33 of 2nd period - Shot Misses the Net.
16:43 of 2nd period - Shot by Aidan McDonough.
16:43 of 2nd period - Shot Misses the Net.
16:45 of 2nd period - Shot by Aidan McDonough.
16:45 of 2nd period - Shot Blocked by Kevin Czucman.
16:47 of 2nd period - Shot by Greg McKegg.
16:47 of 2nd period - Goal by Greg McKegg - Comets : 3 - Heat : 4.
16:48 of 2nd period - Trevor Lewis wins face-off versus Kyle Criscuolo in neutral zone.
17:24 of 2nd period - Shot by Josh Archibald.
17:24 of 2nd period - Stopped by Matthew Galajda with a rebound.
17:26 of 2nd period - Shot by Michael Raffl.
17:26 of 2nd period - Deflect By Trevor Lewis.
17:26 of 2nd period - Shot Misses the Net.
17:40 of 2nd period - Shot by Michael Joly.
17:40 of 2nd period - Stopped by Matthew Galajda without a rebound.
17:41 of 2nd period - Derek Ryan wins face-off versus Nathan Smith in Heat zone.
17:45 of 2nd period - Icing by Mathieu Joseph.
17:46 of 2nd period - Derek Ryan wins face-off versus Nathan Smith in Heat zone.
18:24 of 2nd period - Shot by Brett Leason.
18:24 of 2nd period - Shot Misses the Net.
18:26 of 2nd period - Shot by Brinson Pasichnuk.
18:26 of 2nd period - Shot Blocked by Matt Bartkowski.
19:06 of 2nd period - Shot by Aidan McDonough.
19:06 of 2nd period - Shot Misses the Net.
19:08 of 2nd period - Shot by Greg McKegg.
19:08 of 2nd period - Stopped by Connor Ingram without a rebound.
19:09 of 2nd period - Frederik Gauthier wins face-off versus Tyce Thompson in Comets zone.
19:28 of 2nd period - Shot by Brandon Davidson.
19:28 of 2nd period - Stopped by Matthew Galajda without a rebound.
19:29 of 2nd period - Trevor Lewis wins face-off versus Jan Jenik in Heat zone.
19:41 of 2nd period - Mathieu Joseph is hit by Jordan Schmaltz and loses puck.
19:55 of 2nd period - Icing by Steven Oleksy.
19:56 of 2nd period - Jan Jenik wins face-off versus Frederik Gauthier in Heat zone.
Goals for this period are 2 for Comets vs 3 for Heat .
Shots for this period are 8 for Comets vs 16 for Heat .

3rd period


0:01 of 3rd period - Derek Ryan wins face-off versus Nathan Smith in neutral zone.
0:09 of 3rd period - Shot by Mathieu Joseph.
0:09 of 3rd period - Stopped by Connor Ingram with a rebound.
0:11 of 3rd period - Shot by Nathan Smith.
0:11 of 3rd period - Shot Misses the Net.
0:39 of 3rd period - Icing by Brendan Smith.
0:40 of 3rd period - Derek Ryan wins face-off versus Greg McKegg in Comets zone.
0:47 of 3rd period - Icing by Chris Terry.
0:48 of 3rd period - Derek Ryan wins face-off versus Cole Schneider in Comets zone.
1:25 of 3rd period - Shot by Cole Schneider.
1:25 of 3rd period - Shot Blocked by Brandon Davidson.
1:53 of 3rd period - Dennis Yan is hit by Nathan Smith and loses puck.
2:54 of 3rd period - Shot by Tyce Thompson.
2:54 of 3rd period - Deflect By Kyle Criscuolo.
2:54 of 3rd period - Stopped by Connor Ingram with a rebound.
2:56 of 3rd period - Shot by Kyle Criscuolo.
2:56 of 3rd period - Shot Misses the Net.
3:08 of 3rd period - Shot by Artur Kayumov.
3:08 of 3rd period - Stopped by Connor Ingram with a rebound.
3:10 of 3rd period - Shot by Tyce Thompson.
3:10 of 3rd period - Goal by Tyce Thompson - Comets : 3 - Heat : 5.
3:11 of 3rd period - Derek Ryan wins face-off versus Greg McKegg in neutral zone.
3:38 of 3rd period - Shot by Cole Schneider.
3:38 of 3rd period - Deflect By Aidan McDonough.
3:38 of 3rd period - Stopped by Connor Ingram with a rebound.
3:40 of 3rd period - Shot by Greg McKegg.
3:40 of 3rd period - Stopped by Connor Ingram without a rebound.
3:41 of 3rd period - Nathan Smith wins face-off versus Frederik Gauthier in Comets zone.
3:41 of 3rd period - Nathan Smith is hit by Brandon Davidson.
3:43 of 3rd period - Shot by Mathieu Joseph.
3:43 of 3rd period - Shot Blocked by Brandon Davidson.
3:45 of 3rd period - Shot by Brett Leason.
3:45 of 3rd period - Goal by Brett Leason - Comets : 3 - Heat : 6.
3:46 of 3rd period - Frederik Gauthier wins face-off versus Nathan Smith in neutral zone.
3:46 of 3rd period - Kevin Czucman is hit by Nathan Smith.
3:50 of 3rd period - Shot by Brandon Davidson.
3:50 of 3rd period - Shot Misses the Net.
3:52 of 3rd period - Shot by Brandon Davidson.
3:52 of 3rd period - Shot Misses the Net.
4:12 of 3rd period - Shot by Brandon Davidson.
4:12 of 3rd period - Deflect By Michael Joly.
4:12 of 3rd period - Stopped by Matthew Galajda without a rebound.
4:13 of 3rd period - Derek Ryan wins face-off versus Kyle Criscuolo in Heat zone.
4:26 of 3rd period - Shot by Chris Terry.
4:26 of 3rd period - Shot Misses the Net.
4:34 of 3rd period - Shot by Derek Ryan.
4:34 of 3rd period - Shot Blocked by Brinson Pasichnuk.
4:36 of 3rd period - Shot by Oskar Lindblom.
4:36 of 3rd period - Stopped by Matthew Galajda without a rebound.
4:37 of 3rd period - Nathan Smith wins face-off versus Trevor Lewis in Heat zone.
5:01 of 3rd period - Josh Archibald is hit by Jesper Lindgren and loses puck.
5:05 of 3rd period - Trevor Lewis is hit by Tarmo Reunanen and loses puck.
5:14 of 3rd period - Shot by Josh Archibald.
5:14 of 3rd period - Shot Blocked by Tarmo Reunanen.
5:16 of 3rd period - Shot by Kevin Czucman.
5:16 of 3rd period - Stopped by Matthew Galajda without a rebound.
5:17 of 3rd period - Greg McKegg wins face-off versus Derek Ryan in Heat zone.
5:26 of 3rd period - Shot by Derek Ryan.
5:26 of 3rd period - Stopped by Matthew Galajda without a rebound.
5:27 of 3rd period - Derek Ryan wins face-off versus Kyle Criscuolo in Heat zone.
6:14 of 3rd period - Kyle Criscuolo is hit by Derek Ryan and loses puck.
7:00 of 3rd period - Off-side.
7:01 of 3rd period - Nathan Smith wins face-off versus Trevor Lewis in neutral zone.
7:08 of 3rd period - Shot by Brett Leason.
7:08 of 3rd period - Stopped by Connor Ingram without a rebound.
7:09 of 3rd period - Nathan Smith wins face-off versus Trevor Lewis in Comets zone.
7:09 of 3rd period - Mathieu Joseph is hit by Markus Niemelainen and loses puck.
7:23 of 3rd period - Josh Archibald is hit by Tarmo Reunanen and loses puck.
7:30 of 3rd period - Shot by Trevor Lewis.
7:30 of 3rd period - Shot Blocked by Jesper Lindgren.
7:59 of 3rd period - Nathan Smith is hit by Chris Terry and loses puck.
8:07 of 3rd period - Oskar Lindblom is hit by Tarmo Reunanen.
8:09 of 3rd period - Shot by Chris Terry.
8:09 of 3rd period - Shot Blocked by Jesper Lindgren.
8:11 of 3rd period - Shot by Chris Terry.
8:11 of 3rd period - Stopped by Matthew Galajda without a rebound.
8:12 of 3rd period - Greg McKegg wins face-off versus Frederik Gauthier in Heat zone.
8:19 of 3rd period - Icing by Frederik Gauthier.
8:20 of 3rd period - Greg McKegg wins face-off versus Frederik Gauthier in Comets zone.
8:29 of 3rd period - Shot by Aidan McDonough.
8:29 of 3rd period - Stopped by Connor Ingram with a rebound.
8:31 of 3rd period - Shot by Greg McKegg.
8:31 of 3rd period - Shot Misses the Net.
8:33 of 3rd period - Shot by Cole Schneider.
8:33 of 3rd period - Goal by Cole Schneider - Comets : 3 - Heat : 7.
8:33 of 3rd period - David Rittich enters game.
8:34 of 3rd period - Greg McKegg wins face-off versus Derek Ryan in neutral zone.
8:39 of 3rd period - Shot by Aidan McDonough.
8:39 of 3rd period - Shot Misses the Net.
8:41 of 3rd period - Shot by Cole Schneider.
8:41 of 3rd period - Shot Blocked by Brendan Smith.
8:43 of 3rd period - Shot by Jordan Subban.
8:43 of 3rd period - Shot Blocked by Brendan Smith.
8:45 of 3rd period - Shot by Aidan McDonough.
8:45 of 3rd period - Goal by Aidan McDonough - Comets : 3 - Heat : 8.
8:46 of 3rd period - Trevor Lewis wins face-off versus Kyle Criscuolo in neutral zone.
8:53 of 3rd period - Shot by Michael Raffl.
8:53 of 3rd period - Stopped by Matthew Galajda without a rebound.
8:54 of 3rd period - Derek Ryan wins face-off versus Jan Jenik in Heat zone.
9:25 of 3rd period - Shot by Oskar Lindblom.
9:25 of 3rd period - Shot Misses the Net.
9:27 of 3rd period - Shot by Brendan Smith.
9:27 of 3rd period - Stopped by Matthew Galajda with a rebound.
10:03 of 3rd period - Shot by Michael Raffl.
10:03 of 3rd period - Shot Misses the Net.
10:05 of 3rd period - Shot by Josh Archibald.
10:05 of 3rd period - Shot Misses the Net.
10:17 of 3rd period - Shot by Michael Raffl.
10:17 of 3rd period - Shot Misses the Net.
10:19 of 3rd period - Shot by Brandon Davidson.
10:19 of 3rd period - Shot Misses the Net.
10:55 of 3rd period - Shot by Frederik Gauthier.
10:55 of 3rd period - Shot Misses the Net.
10:57 of 3rd period - Shot by Frederik Gauthier.
10:57 of 3rd period - Stopped by Matthew Galajda without a rebound.
10:58 of 3rd period - Chase De Leo wins face-off versus Kyle Criscuolo in Heat zone.
10:59 of 3rd period - Shot by Oskar Lindblom.
10:59 of 3rd period - Deflect By Chase De Leo.
10:59 of 3rd period - Stopped by Matthew Galajda without a rebound.
11:00 of 3rd period - Nathan Smith wins face-off versus Derek Ryan in Heat zone.
11:13 of 3rd period - Shot by Mathieu Joseph.
11:13 of 3rd period - Shot Misses the Net.
11:24 of 3rd period - Off-side.
11:25 of 3rd period - Kyle Criscuolo wins face-off versus Trevor Lewis in neutral zone.
11:27 of 3rd period - Off-side.
11:28 of 3rd period - Trevor Lewis wins face-off versus Kyle Criscuolo in neutral zone.
11:47 of 3rd period - Shot by Egor Sokolov.
11:47 of 3rd period - Stopped by David Rittich without a rebound.
11:48 of 3rd period - Nathan Smith wins face-off versus Derek Ryan in Comets zone.
11:53 of 3rd period - Shot by Mathieu Joseph.
11:53 of 3rd period - Shot Misses the Net.
12:06 of 3rd period - Icing by Derek Ryan.
12:07 of 3rd period - Oskar Lindblom wins face-off versus Greg McKegg in Comets zone.
12:17 of 3rd period - Matt Bartkowski is hit by Greg McKegg and loses puck.
13:32 of 3rd period - Minor Penalty to Steven Oleksy for Tripping.
13:33 of 3rd period - Trevor Lewis wins face-off versus Mathieu Joseph in Heat zone.
14:05 of 3rd period - Shot by Kevin Czucman.
14:05 of 3rd period - Shot Misses the Net.
14:43 of 3rd period - Shot by Frederik Gauthier.
14:43 of 3rd period - Shot Misses the Net.
14:45 of 3rd period - Shot by Chase De Leo.
14:45 of 3rd period - Stopped by Matthew Galajda without a rebound.
14:46 of 3rd period - Trevor Lewis wins face-off versus Nathan Smith in Heat zone.
15:23 of 3rd period - Off-side.
15:24 of 3rd period - Chase De Leo wins face-off versus Mathieu Joseph in neutral zone.
15:31 of 3rd period - Shot by Chase De Leo.
15:31 of 3rd period - Shot Hit the Post.
15:54 of 3rd period - Shot by Kyle Criscuolo.
15:54 of 3rd period - Stopped by David Rittich without a rebound.
15:55 of 3rd period - Nathan Smith wins face-off versus Derek Ryan in Comets zone.
16:17 of 3rd period - Shot by Nathan Smith.
16:17 of 3rd period - Stopped by David Rittich without a rebound.
16:18 of 3rd period - Kyle Criscuolo wins face-off versus Frederik Gauthier in Comets zone.
16:23 of 3rd period - Shot by Egor Sokolov.
16:23 of 3rd period - Stopped by David Rittich without a rebound.
16:24 of 3rd period - Frederik Gauthier wins face-off versus Greg McKegg in Comets zone.
16:37 of 3rd period - Shot by Michael Joly.
16:37 of 3rd period - Shot Misses the Net.
17:22 of 3rd period - Shot by Mathieu Joseph.
17:22 of 3rd period - Deflect By Brett Leason.
17:22 of 3rd period - Stopped by David Rittich without a rebound.
17:23 of 3rd period - Nathan Smith wins face-off versus Trevor Lewis in Comets zone.
18:39 of 3rd period - Shot by Tyce Thompson.
18:39 of 3rd period - Stopped by David Rittich without a rebound.
18:40 of 3rd period - Frederik Gauthier wins face-off versus Greg McKegg in Comets zone.
18:40 of 3rd period - Frederik Gauthier is hit by Cole Schneider.
18:58 of 3rd period - Shot by Aidan McDonough.
18:58 of 3rd period - Shot Blocked by Markus Niemelainen.
19:04 of 3rd period - Shot by Aidan McDonough.
19:04 of 3rd period - Shot Misses the Net.
19:12 of 3rd period - Michael Joly is hit by Cole Schneider and loses puck.
19:41 of 3rd period - Shot by Mathieu Joseph.
19:41 of 3rd period - Goal by Mathieu Joseph - Comets : 3 - Heat : 9.
19:42 of 3rd period - Derek Ryan wins face-off versus Kyle Criscuolo in neutral zone.
Goals for this period are 0 for Comets vs 5 for Heat .
Shots for this period are 10 for Comets vs 18 for Heat .